 Dungeon Crawl Stone Soup version 0.29-a0-22-gbf593b16ee (webtiles) character file.

Game seed: 2578691668078766603

54 diecastcamel the Covered (level 3, -1/33 HPs)
             Began as a Minotaur Fighter on Jan 29, 2022.
             Slain by Sigmund (5 damage)
             ... on level 2 of the Dungeon.
             The game lasted 00:07:18 (1103 turns).

diecastcamel the Covered (Minotaur Fighter)         Turns: 1103, Time: 00:07:19

Health: -1/33      AC:  8    Str: 22    XL:     3   Next: 66%
Magic:  2/2        EV:  9    Int:  5    God:
Gold:   84         SH:  0    Dex:  9    Spells: 2/2 levels left

rFire   . . .      SeeInvis .   h - +0 whip
rCold   . . .      Faith    .   c - +0 buckler
rNeg    + . .      Spirit   .   b - +0 scale mail
rPois   .          Reflect  .   (helmet restricted)
rElec   .          Harm     .   (no cloak)
rCorr   .          Rampage  .   f - +0 pair of gloves
Will    .....                   (no boots)
Stlth   ..........              (no amulet)
HPRegen 0.11/turn               e - ring of positive energy
MPRegen 0.08/turn               (no ring)

@: confused, mighty
A: horns 2, retaliatory headbutt
a: no special abilities


You were on level 2 of the Dungeon.
You visited 1 branch of the dungeon, and saw 2 of its levels.

You collected 84 gold pieces.

Inventory:

Hand Weapons
 a - a +0 flail
 h - a +0 whip (weapon)
Missiles
 i - 39 stones (quivered)
Armour
 b - a +0 scale mail (worn)
 c - a +0 buckler (worn)
 f - a +0 pair of gloves (worn)
Jewellery
 e - a ring of positive energy (left hand)
Scrolls
 j - a scroll of immolation {unknown}
 k - a scroll of teleportation {unknown}
 m - a scroll of identify {unknown}
Potions
 d - a potion of might
 g - a potion of curing {unknown}
 l - 2 potions of heal wounds {unknown}


   Skills:
 + Level 4.0 Fighting
 + Level 3.0 Maces & Flails
 + Level 4.2 Armour
 + Level 1.3 Dodging
 + Level 4.1 Shields


You had 2 spell levels left.
You didn't know any spells.
Your spell library was empty.

Dungeon Overview and Level Annotations

Branches:
Dungeon (2/15)

Altars:

Annotations:
D:2 Sigmund


Innate Abilities, Weirdness & Mutations

You have a pair of horns on your head.
You reflexively headbutt those who attack you in melee.


Message History

Sigmund hits you with a +3 scythe of freezing!
Sigmund freezes you.
You are too injured to fight recklessly!
You are too injured to fight recklessly!
You are too injured to fight recklessly!
You are too injured to fight recklessly!
You miss Sigmund. Sigmund closely misses you.
You're too confused to move!
You bump into the rock wall.
Sigmund says, "Now you see me, now you don't..."
Sigmund completely misses you.
You bump into the rock wall.
Sigmund gestures at you while chanting.
You are more confused.
You bump into the rock wall.
Sigmund points at you and mumbles some strange words.
You are more confused.
You bump into the rock wall.
Sigmund barely misses you.
You're too confused to move!
You bump into the rock wall.
Sigmund barely misses you.
You whack Sigmund! You headbutt Sigmund.
Sigmund is heavily wounded.
Sigmund gestures at you while chanting.
You are more confused.
You closely miss Sigmund. You headbutt Sigmund!
Sigmund is severely wounded.
Sigmund points at you and mumbles some strange words.
The magic dart hits you.
You completely miss Sigmund.
Sigmund is severely wounded.
Sigmund barely misses you.
You bump into the rock wall.
You're too confused to move!
Sigmund hits you with a +3 scythe of freezing!
* * * LOW HITPOINT WARNING * * *
Sigmund freezes you.
* * * LOW HITPOINT WARNING * * *
You're too confused to move!
Sigmund hits you with a +3 scythe of freezing.
You die...

####.###.#
......##.############### #.
#>...................
#...###...#.###############
#....<.........
######..########
#.........# #....#..#.#
#....#..#@#
#....#..#@#####...
#........g..g.....
#.................
#.................
#.................
#.................
#......)..........
#.................


You could see Sigmund and a goblin (strong).

Vanquished Creatures
  An adder (D:2)
  A worm (D:2)
  3 dart slugs (D:1)
  4 endoplasms (D:1)
  A giant cockroach (D:1)
  2 goblins
  6 hobgoblins
  3 jackals (D:2)
  A kobold (D:1)
  2 ball pythons (D:1)
  6 bats
  A frilled lizard (D:2)
  2 rats (D:1)
33 creatures vanquished.

Notes
Turn   | Place    | Note
-------+----------+-------------------------------------------
     0 | D:1      | diecastcamel the Minotaur Fighter began the quest for the
                  | Orb.
     0 | D:1      | Reached XP level 1. HP: 19/19 MP: 0/0
   242 | D:1      | Reached XP level 2. HP: 27/27 MP: 1/1
   460 | D:1      | Reached skill level 1 in Dodging
   693 | D:2      | Reached XP level 3. HP: 29/33 MP: 2/2
   695 | D:2      | Found a faded altar of an unknown god.
  1077 | D:2      | Noticed Sigmund
  1103 | D:2      | Slain by Sigmund

Illustrated notes

Levels and vault maps discovered:
D:1:      dpeg_arrival_pits, layout_loops_ring, corexii_item_surrounded_by_moat
D:2:      layout_basic, dreamdust_ecumenical_altar_grove, uniq_sigmund

Skill      XL: |  1  2  3 |
---------------+----------+-----
Armour         | 4 |  4.2
Dodging        | 1 |  1.3
Shields        | 4 |  4.1
Fighting       | 4 |  4.0
Maces & Flails | 3 |  3.0

Action                   || total
-------------------------++-------
Melee: Flail             ||    25
       Whip              ||    53
       Headbutt          ||    10
  Use: Potion            ||     1
Armor: Scale mail        ||    45
Dodge: Dodged            ||    35
Block: Buckler           ||    18

Table legend: (Time is in decaauts)
 A = Elapsed time spent in this place.
 B = Non-inter-level travel time spent in this place.
 C = Inter-level travel time spent in this place.
 D = Time resting spent in this place.
 E = Time spent auto-exploring this place.
 F = Levels seen in this place.
 G = Mean time per level.
                   A        B        C        D        E       F      G
               +--------+--------+--------+--------+--------+-----+--------+
         Total |   1108 |    998 |    110 |    117 |    649 |   2 |  554.0 |
       Dungeon |   1108 |    998 |    110 |    117 |    649 |   2 |  554.0 |
               +--------+--------+--------+--------+--------+-----+--------+

Top non-repeatable levels by time:
     D:1: 686 daAuts
     D:2: 422 daAuts
